 Dungeon Crawl Stone Soup version 0.27.1-1-g398f81649c (webtiles) character file.

Game seed: 11189717680339496003

1779 Descartes the Ruffian (level 8, -5/83 HPs)
             Began as a Troll Delver on Sept 8, 2021.
             Slain by a wyvern (13 damage)
             ... on level 6 of the Dungeon.
             The game lasted 00:07:37 (4525 turns).

Descartes the Ruffian (Troll Delver)                Turns: 4525, Time: 00:07:38

Health: -5/83      AC:  5    Str: 27    XL:     8   Next: 81%
Magic:  7/7        EV: 12    Int:  6    God:
Gold:   355        SH:  0    Dex: 13    Spells: 7/7 levels left

rFire    + . .     SeeInvis .     - Unarmed
rCold    + + .     Faith    .   (no shield)
rNeg     . . .     Spirit   .   j - +1 robe "Hero's Friend" {Stlth+}
rPois    .         Reflect  .   (helmet restricted)
rElec    .         Harm     .   x - scarf {rC+ rF+}
rCorr    .         Rampage  .   (gloves unavailable)
Will     .....                  (boots unavailable)
Stlth    +++.......             (no amulet)
HPRegen  1.23/turn              k - +6 ring of strength
MPRegen  0.10/turn              r - ring of protection from cold

@: hasted, very quick
A: large, unfitting armour, claws 3, regeneration 1, shaggy fur 1, tough skin 1
a: no special abilities


You were on level 6 of the Dungeon.
You visited 1 branch of the dungeon, and saw 7 of its levels.

You collected 355 gold pieces.

Inventory:

Missiles
 i - 30 poisoned darts (quivered)
 q - 7 boomerangs
Armour
 a - a +0 robe
 j - the +1 robe "Hero's Friend" (worn) {Stlth+}
   (You found it on level 4 of the Dungeon)

   Stlth:     It makes you more stealthy.
 x - a scarf of resistance (worn)
 y - a +2 robe
Jewellery
 k - a +6 ring of strength (left claw)
 r - a ring of protection from cold (right claw)
Wands
 f - a wand of digging (3)
 l - a wand of flame (19)
 v - a wand of acid (6)
Scrolls
 b - 2 scrolls of fog
 c - a scroll of magic mapping
 d - a scroll of fear
 h - 2 scrolls of immolation {unknown}
 o - 2 scrolls of teleportation {unknown}
 p - 2 scrolls of vulnerability {unknown}
 s - 2 scrolls of enchant armour {unknown}
 t - 2 scrolls of enchant weapon {unknown}
 u - 3 scrolls of amnesia
Potions
 e - a potion of haste
 g - a potion of flight
 n - 4 potions of lignification
 w - a potion of cancellation
 z - 2 potions of brilliance


   Skills:
 + Level 6.0 Fighting
 + Level 5.6 Dodging
 - Level 2.7 Stealth
 + Level 6.8 Unarmed Combat


You had 7 spell levels left.
You didn't know any spells.
Your spell library contained the following spells:

 Spells                   Type           Power      Damage    Failure   Level
 Animate Skeleton         Necr           0%         N/A       45%         1
 Pain                     Necr           0%         1d4       45%         1
 Summon Small Mammal      Summ           0%         N/A       45%         1
 Static Discharge         Conj/Air       0%         N/A       58%         2
 Call Canine Familiar     Summ           0%         N/A       83%         3
 Summon Guardian Golem    Hex/Summ       0%         N/A       83%         3
 Vampiric Draining        Necr           0%         2d6       83%         3
 Dispel Undead            Necr           0%         3d6       99%         4
 Sticky Flame             Conj/Fire      0%         2d3       99%         4


Dungeon Overview and Level Annotations

Branches:
Dungeon (7/15)
 Temple: D:4-7

Altars:
Hepliaklqana
Uskayaw
Xom

Shops:
D:2 :   D:6 =

Annotations:
D:4 Ijyb


Innate Abilities, Weirdness & Mutations

You are too large for most types of armour.
You have claws for hands.
Your natural rate of healing is unusually fast.
You are covered in fur. (AC +1)
You have tough skin. (AC +1)


Message History

You are too injured to fight recklessly!
You are too injured to fight recklessly!
You are too injured to fight recklessly!
You are too injured to fight recklessly!
You are too injured to fight recklessly!
You closely miss the orc. The wyvern barely misses you.
The orc wizard hits you but does no damage.
The wyvern barely misses you. The orc closely misses you. The wyvern bites you!
The orc hits you but does no damage. The wyvern closely misses you.
The wyvern barely misses you.
There is a stone staircase leading up here.
The wyvern bites you. The orc hits you with a +0 dagger.
The orc wizard hits you but does no damage.
You climb upwards.
There is a stone staircase leading down here.
You bump into the rock wall.
You feel less confused. The wyvern bites you. The orc closely misses you.
The wyvern barely misses you.
The orc wizard mumbles some strange words.
The orc wizard flickers and vanishes!
Deactivating autopickup; reactivate with Ctrl-A.
You closely miss something. The orc hits you but does no damage.
The wyvern misses you. Something hits you.
You barely miss something. The wyvern bites you!
* * * LOW HITPOINT WARNING * * *
The orc hits you but does no damage. The wyvern bites you!
* * * LOW HITPOINT WARNING * * *
Something hits you but does no damage.
You scratch something. The orc closely misses you.
The wyvern closely misses you.
Okay, then.
Okay, then.
You feel yourself speed up. The wyvern misses you.
Something hits you but does no damage. The orc barely misses you.
You claw the orc!
You kill the orc!
The wyvern bites you but does no damage.
Something hits you but does no damage.
You closely miss the wyvern. The wyvern bites you!
You die...

......######.###...# #....#
#####....#######...# #.##.#
.....<.....#...###.###.##.#
...............##......##.#
.......#.....#.##..######.#
.#..............#..# #.#
.##.#..............# #.#
...)#.#......#.##l### #.#
...............{@)..# #.#
............#..##########.#
.########.#...............#
......# #.#.#.#.##.###.####
.####.###.#.#......# #.#
..........#.######## #.##
....#.#...#........###..#
......##........§.......#
.##.#...≈≈§....§§§......#


You could see a wyvern.

Vanquished Creatures
  Prince Ribbit (D:5)
  Sigmund (D:1)
  2 orc warriors
  2 ice beasts
  2 sky beasts
  2 necrophages (D:5)
  A centaur (D:6)
  A scorpion (D:6)
  2 centaur zombies (D:6)
  2 orc priests
  A centaur skeleton (D:6)
  A bullfrog skeleton (D:6)
  A jelly (D:3)
  2 iguanas (D:5)
  5 orc wizards
  A hound skeleton (D:4)
  3 adders
  6 gnolls
  A white imp (D:6)
  4 worms
  6 dart slugs
  15 orcs
  A bat (D:3)
  7 endoplasms
  4 giant cockroaches
  9 goblins
  2 hobgoblins (D:2)
  2 jackals (D:4)
  5 quokkas
  A ball python (D:3)
  3 frilled lizards
  5 kobolds
  8 rats
109 creatures vanquished.

Notes
Turn   | Place    | Note
-------+----------+-------------------------------------------
     0 | D:5      | Descartes the Troll Delver began the quest for the Orb.
     0 | D:5      | Reached XP level 1. HP: 22/22 MP: 0/0
    32 | D:5      | Reached XP level 2. HP: 29/29 MP: 1/1
    60 | D:5      | Reached XP level 3. HP: 36/36 MP: 2/2
   404 | D:4      | Noticed Ijyb
   452 | D:4      | Identified the +1 robe "Hero's Friend" {Stlth+}
   588 | D:4      | Reached XP level 4. HP: 42/45 MP: 3/3
  1300 | D:2      | Reached XP level 5. HP: 53/53 MP: 4/4
  1319 | D:2      | Noticed Sigmund
  1738 | D:2      | Found Jaliem's Book Boutique.
  2414 | D:4      | Reached XP level 6. HP: 62/62 MP: 5/5
  2933 | D:5      | Noticed Prince Ribbit
  2950 | D:5      | Killed Prince Ribbit
  2951 | D:5      | Reached XP level 7. HP: 53/71 MP: 6/6
  3283 | D:5      | Reached skill level 5 in Unarmed Combat
  3367 | D:6      | Found a hazy altar of Hepliaklqana.
  3368 | D:6      | Found a shimmering altar of Xom.
  3369 | D:6      | Noticed a spectral ugly thing
  3573 | D:6      | Found a hide-covered altar of Uskayaw.
  3583 | D:6      | Found Hic Ceann's Jewellery Boutique.
  3621 | D:6      | Reached skill level 5 in Fighting
  3662 | D:6      | Reached XP level 8. HP: 80/80 MP: 7/7
  3795 | D:6      | Reached skill level 5 in Dodging
  4205 | D:1      | Killed Sigmund
  4521 | D:6      | HP: 4/83 [wyvern (14)]
  4525 | D:6      | Slain by a wyvern

Illustrated notes

Levels and vault maps discovered:
D:1:      lightli_arrival_lavapool, layout_rooms
D:2:      layout_loops_ring, serial_shops, nicolae_shop_window_shopping,
          uniq_sigmund
D:3:      layout_basic
D:4:      layout_loops_corners, minmay_door_square, uniq_ijyb
D:5:      layout_loops_corners, uniq_prince_ribbit1
D:6:      layout_basic, regret_index_temple_of_mockery,
          mainiacjoe_overflow_surrounded_room, serial_shops, kennysheep_mini,
          nrook_mini_backslash, lemuel_old_faithful
D:7:      minmay_chambers_of_sevens, layout_loops_corners,
          minmay_temple_entry_ruins

Skill      XL: |  1  2  3  4  5  6  7  8 |
---------------+-------------------------+-----
Dodging        | 2 3 4 5 |  5.6
Fighting       | 3 4 5 6 |  6.0
Unarmed Combat | 3 4 5 6 |  6.8
Stealth        | |  2.7

Action                   |  1- 3 |  4- 6 |  7- 9 || total
-------------------------+-------+-------+-------++-------
Melee: Unarmed           |    41 |   158 |   129 ||   328
       Punch             |     1 |     6 |     4 ||    11
  Use: Scroll            |       |       |     5 ||     5
       Potion            |       |       |     1 ||     1
 Stab: Sleeping          |     4 |    20 |     3 ||    27
Armor: Robe              |    11 |    43 |    34 ||    88
Dodge: Dodged            |    11 |    94 |    65 ||   170
